 Dungeon Crawl Stone Soup version 0.21-a0-264-g3e31e41 (webtiles) character file.

196479 Gagarin the Warrior (level 17, -10/243 HPs)
             Began as a Minotaur Fighter on Sept 8, 2017.
             Was the Champion of the Shining One.
             Mangled by a vault warden
             ... wielding a +2 war axe of chopping
              (11 damage)
             ... on level 1 of the Vaults.
             The game lasted 03:06:17 (35326 turns).

Gagarin the Warrior (Minotaur Fighter)             Turns: 35326, Time: 03:06:18

Health: -10/243    AC: 28    Str: 26    XL:     17   Next: 74%
Magic:  15/25      EV:  2    Int:  5    God:    the Shining One [******]
Gold:   1223       SH: 10    Dex: 12    Spells: 16/16 levels left

rFire    . . .     SeeInvis .   Z - +5 great mace (flame)
rCold    . . .     Gourm    .   (shield currently unavailable)
rNeg     + + +     Faith    .   (armour currently unavailable)
rPois    +         Spirit   .   (helmet currently unavailable)
rElec    .         Reflect  .   (cloak currently unavailable)
rCorr    +         Harm     .   (gloves currently unavailable)
MR       +....     NoTele   +   (boots currently unavailable)
Stlth    +.........             I - amulet of rage
HPRegen  0.50/turn              q - ring of resist corrosion
MPRegen  0.19/turn              Y - ring of poison resistance

@: divine shield, tree-form, marked, berserk cooldown, hasted and slowed,
glowing
A: (retaliatory headbutt)
}: 1/15 runes: barnacled
a: Divine Shield, Cleansing Flame, Summon Divine Warrior, Brand Weapon With Holy
Wrath, Renounce Religion, Evoke Berserk Rage


You were on level 1 of the Vaults.
You worshipped the Shining One.
The Shining One was exalted by your worship.
You were very hungry.
You were a tree.
You visited 7 branches of the dungeon, and saw 30 of its levels.
You also visited: Labyrinth and Sewer.

You collected 2402 gold pieces.
You spent 1179 gold pieces at shops.

Inventory:

Hand Weapons
 b - the +7 hand crossbow of Fate {elec, rN+ MR+ Stlth+}
   (You acquired it on level 1 of the Lair of Beasts)

   It charges the ammunition it shoots with electricity; occasionally upon a
   hit, such missiles may discharge and cause terrible harm.
   It protects you from negative energy.
   It affects your resistance to hostile enchantments.
   It makes you more stealthy.
 Z - a +5 great mace of flaming (weapon)
Missiles
 g - 34 bolts
Armour
 j - the +10 plate armour of the Garden (melded) {Regen+ MP-9 Stlth+}
   (You took it off a minotaur in a labyrinth)

   It affects your magic capacity (-9).
   It increases your rate of regeneration.
   It makes you more stealthy.
 p - a +0 cloak (melded)
 M - a +2 hat (melded)
 S - a +2 pair of gloves of strength (melded)
Jewellery
 q - a ring of resist corrosion (left branch)
 I - an amulet of rage (around neck)
 Y - a ring of poison resistance (right branch)
Wands
 a - a wand of enslavement (8/24)
 F - a wand of disintegration (13/24)
 N - a wand of confusion (33/48)
 P - a wand of scattershot (4/9)
Scrolls
 h - 11 scrolls of remove curse
 l - a scroll of fear
 s - 6 scrolls of magic mapping
 x - 4 scrolls of teleportation
 y - 6 scrolls of identify
 B - a scroll of blinking
Potions
 c - 2 potions of berserk rage
 m - 6 potions of curing
 n - 2 potions of might
 r - 2 potions of agility
 C - a potion of resistance
 G - 4 potions of magic
 L - 2 potions of cancellation
 U - 2 potions of ambrosia
 V - 2 potions of haste
Miscellaneous
 k - a lamp of fire
 D - a sack of spiders
 K - a phial of floods
 R - a phial of floods
Comestibles
 f - 11 bread rations
 i - 6 chunks of flesh
 t - 29 fruits
 w - 12 meat rations
 Q - 9 royal jellies


   Skills:
 + Level 17.4 Fighting
 + Level 16.6 Maces & Flails
 + Level 5.2 Crossbows
 + Level 17.1 Armour
   Level 14.0 Shields
 - Level 12.0 Invocations
 + Level 10.9 Evocations


You had 16 spell levels left.
You didn't know any spells.

Dungeon Overview and Level Annotations

Branches:
Dungeon (15/15)            Temple (1/1) D:5            Lair (6/6) D:11
 Shoals (4/4) Lair:3       Spider (1/4) Lair:2        Slime (0/5) Lair:5
    Orc (2/2) D:12            Elf (0/3) Orc:2        Vaults (1/5) D:14
 Depths (0/5) D:15

Altars:
Ashenzari
Cheibriados
Dithmenos
Elyvilon
Fedhas
Gozag
Hepliaklqana
Kikubaaqudgha
Makhleb
Nemelex Xobeh
Okawaru
Qazlal
Ru
Sif Muna
Trog
Uskayaw
Vehumet
Wu Jian
Xom
Yredelemnul
Zin
The Shining One
Beogh

Shops:
D:5 :   D:6 =(   Orc:2 (*=[   Shoals:1 *   Shoals:3 (

Annotations:
D:8 sagitran's ghost, novice DsGl
Spider:1 Chisa's ghost, adept MiBe


Innate Abilities, Weirdness & Mutations

((You reflexively headbutt those who attack you in melee.))
((You have a pair of horns on your head.))


Message History

Your +2 hat melds into your body.
Your +2 pair of gloves of strength melds into your body.
The +10 plate armour of the Garden {Regen+ MP-9 Stlth+} melds into your body.
You feel weaker.
Your roots penetrate the ground.
The unseen horror moves out of view.
You block the ironbrand convoker's attack. x2
The vault warden hits you with a war axe of chopping!!
* * * LOW HITPOINT WARNING * * *
x2 You sock the vault warden!
You burn the vault warden.
The vault warden is lightly wounded.
The ironbrand convoker casts a spell at the freezing wraith.
The freezing wraith seems to grow stronger.
The ironbrand convoker hits you but does no damage.
The freezing wraith hits you but does no damage. x2
You pound the vault warden like an anvil!!!
You burn the vault warden!
The vault warden is almost dead.
The vault warden hits you with a war axe of chopping!!!
* * * LOW HITPOINT WARNING * * *
You die...

###############
#.............#
#.....(.......#.
#.............+.
#......))x....#
+.......♣W....#
#......pppO...#
+.......c(k...# ..
#########)#####...
.......p........
................
.......(........
................
................


You could see a vault warden, a yaktaur captain, a vault sentinel, 2 ironbrand
convokers, a freezing wraith, an unseen horror (invisible), a rime drake shaped
shifter and an ogre.

Vanquished Creatures
  Rupert (D:14)
  Polyphemus (Shoals:4)
  Ilsuiw (Shoals:4)
  Donald (Shoals:4)
  Roxanne (D:15)
  A frost giant (Shoals:4)
  An orc warlord (Orc:1)
  An ironheart preserver (Vaults:1)
  2 entropy weavers (Lair:4)
  Nessos (Orc:2)
  Azrael (Orc:2)
  Snorg (Lair:5)
  8 merfolk javelineers
  The ghost of KlownO the Fighter, a journeyman MiMo of Wu Jian (D:10)
  A minotaur (Lab)
  13 merfolk impalers
  2 hydras
  A vault guard (Vaults:1)
  A catoblepas (Shoals:4)
  7 centaur warriors
  A death knight (D:15)
  8 two-headed ogres
  A merfolk avatar (Lair:6)
  3 satyrs (Shoals:4)
  8 merfolk aquamancers
  A queen ant (Lair:4)
  2 tengu warriors (D:15)
  3 orc high priests
  An ogre mage (D:15)
  3 death yaks
  Sonja (D:14)
  Nergalle (D:10)
  2 deep elf knights (Vaults:1)
  A skeletal warrior (D:15)
  2 wizards
  4 unseen horrors
  10 sea snakes
  A necromancer (D:15)
  2 wolf spider zombies
  9 orc sorcerers
  2 deep elf magi
  25 harpies
  20 ugly things
  2 cyclopes
  An orb spider (Lair:2)
  5 oklob plants
  6 manticores
  9 fauns
  7 orc knights
  Maurice (Orc:1)
  14 elephants
  2 naga magi (D:15)
  9 merfolk sirens
  9 water nymphs
  17 spiny frogs
  Joseph (D:8)
  2 gargoyles
  5 rime drakes
  5 black mambas
  2 kobold demonologists (D:15)
  A redback zombie (D:15)
  An efreet (D:15)
  15 komodo dragons
  2 freezing wraiths (D:15)
  32 merfolk
  3 meliai (D:14)
  11 polar bears
  5 wind drakes
  A meliai (shapeshifter) (D:15)
  A queen bee (shapeshifter) (D:13)
  Grinder (D:4)
  A minotaur skeleton (Lab)
  5 trolls
  5 slime creatures (D:13)
  3 hornets
  13 dream sheep
  4 snapping turtles
  9 hippogriffs
  14 blink frogs
  8 wyverns
  5 redbacks
  11 water elementals
  36 yaks
  2 fire elementals (Orc:2)
  3 basilisks (Lair:3)
  13 humans (D:14)
  A hungry ghost (D:9)
  A vampire mosquito (D:14)
  6 wargs
  20 soldier ants (Lair:4)
  2 acid dragons (D:14)
  12 water moccasins
  2 hell hounds (Orc:2)
  8 porcupines
  43 orc warriors
  8 black bears
  5 ice beasts
  6 sky beasts
  A necrophage (D:14)
  2 phantoms
  4 boggarts
  9 ogres
  7 wolves
  29 centaurs
  6 crocodiles
  9 big kobolds
  14 bullfrogs
  Blork the orc (D:6)
  A water moccasin skeleton (D:4)
  4 scorpions
  8 killer bees (D:8)
  5 wights (D:6)
  2 electric eels (D:11)
  A spriggan skeleton (Lab)
  2 howler monkeys
  5 crimson imps
  11 hounds
  34 orc priests
  4 jellies
  Ijyb (D:2)
  2 bullfrog skeletons (D:4)
  7 centaur zombies
  25 orc wizards
  4 centaur skeletons
  7 iguanas
  35 worker ants
  3 hell rats (D:8)
  A hound zombie (D:10)
  A hound skeleton (D:7)
  Robin (D:3)
  3 gnolls (Orc:1)
  17 adders
  8 river rats
  3 shadow imps
  5 oozes
  2 adder skeletons
  6 worms
  3 dart slugs
  7 leopard geckos
  109 orcs
  6 giant cockroaches
  7 hobgoblins
  15 jackals
  23 kobolds
  8 quokkas
  3 ball pythons
  4 bats
  5 frilled lizards
  18 goblins
  A leopard gecko zombie (D:7)
  2 quokka skeletons (D:4)
  22 rats
  2 plants (Lair:6)
1099 creatures vanquished.

Vanquished Creatures (collateral kills)
  An orc warlord (Orc:2)
  A harpy zombie (D:14)
  3 humans (D:14)
  An orc warrior (Orc:2)
  4 orcs (Orc:2)
10 creatures vanquished.

Vanquished Creatures (others)
  A manticore (D:14)
  A water nymph (Shoals:4)
  An ogre (Orc:2)
  2 orcs (Orc:2)
  2 kobolds (D:11)
  A bush (Lair:3)
  13 fungi
  31 plants
52 creatures vanquished.

Grand Total: 1161 creatures vanquished

Notes
Turn   | Place    | Note
-------+----------+-------------------------------------------
     0 | D:1      | Gagarin the Minotaur Fighter began the quest for the Orb.
     0 | D:1      | Reached XP level 1. HP: 19/19 MP: 0/0
   199 | D:1      | Reached XP level 2. HP: 27/27 MP: 1/1
   542 | D:1      | You fall through a shaft!
   648 | D:2      | Reached XP level 3. HP: 28/33 MP: 2/2
   658 | D:2      | Found an ornate altar of the Wu Jian Council.
   957 | D:2      | Noticed Ijyb
   974 | D:2      | Killed Ijyb
   974 | D:2      | Reached XP level 4. HP: 41/41 MP: 3/3
  1011 | D:2      | Reached skill level 5 in Armour
  1469 | D:3      | Noticed Robin
  1480 | D:3      | Killed Robin
  1520 | D:3      | Reached XP level 5. HP: 29/47 MP: 4/4
  1767 | D:3      | Reached skill level 5 in Fighting
  1784 | D:3      | Noticed an ice beast
  1800 | D:3      | Killed an ice beast
  1800 | D:3      | Reached XP level 6. HP: 19/56 MP: 5/5
  2527 | D:4      | Reached skill level 5 in Shields
  2656 | D:4      | Noticed Grinder
  2660 | D:4      | Paralysed by Grinder for 3 turns
  2844 | D:4      | Paralysed by Grinder for 6 turns
  2852 | D:4      | Paralysed by Grinder for 2 turns
  2860 | D:4      | Paralysed by Grinder for 3 turns
  2867 | D:4      | Killed Grinder
  2867 | D:4      | Reached skill level 5 in Maces & Flails
  2867 | D:4      | Reached XP level 7. HP: 45/64 MP: 6/6
  2971 | D:4      | Found a stormy altar of Qazlal.
  2973 | D:4      | Found a shadowy altar of Dithmenos.
  2973 | D:4      | Found a deep blue altar of Sif Muna.
  2975 | D:4      | Found a shadowy altar of Dithmenos.
  2975 | D:4      | Found a radiant altar of Vehumet.
  2975 | D:4      | Found a shimmering altar of Xom.
  3090 | D:5      | Entered Level 5 of the Dungeon
  3144 | D:5      | Reached XP level 8. HP: 67/73 MP: 7/7
  3157 | D:5      | Found a glowing drain.
  3165 | Sewer    | Entered a sewer
  3786 | D:5      | Found Liefeore's Book Shoppe.
  3811 | D:5      | Found a staircase to the Ecumenical Temple.
  3837 | Temple   | Entered the Ecumenical Temple
  4043 | Temple   | Became a worshipper of the Shining One
  4512 | D:6      | Noticed Blork the orc
  4585 | D:6      | Found Nouwkioxa's Weapon Boutique.
  4681 | D:6      | Reached skill level 1 in Invocations
  4755 | D:6      | Killed Blork the orc
  4766 | D:6      | Reached skill level 1 in Evocations
  4782 | D:6      | Reached XP level 9. HP: 44/81 MP: 7/9
  5047 | D:6      | Found a radiant altar of Vehumet.
  5122 | D:6      | Found Tyukom's Jewellery Boutique.
  5130 | D:6      | Bought a +3 ring of strength for 219 gold pieces
  5509 | D:7      | Reached * piety under the Shining One
  6094 | D:8      | Noticed Joseph
  6116 | D:8      | Killed Joseph
  6410 | D:8      | Found a hide-covered altar of Uskayaw.
  6454 | D:8      | Noticed sagitran's ghost (novice DsGl)
  6454 | D:8      | Reached ** piety under the Shining One
  6520 | D:8      | Reached XP level 10. HP: 90/90 MP: 11/11
  6700 | D:9      | Found a snail-covered altar of Cheibriados.
  6973 | D:9      | Noticed a two-headed ogre
  6979 | D:9      | Killed a two-headed ogre
  7096 | D:10     | Entered Level 10 of the Dungeon
  7104 | D:10     | Noticed a gargoyle
  7107 | D:10     | Killed a gargoyle
  7215 | D:10     | Noticed KlownO's ghost (journeyman MiMo)
  7502 | D:8      | Found a shattered altar of Ashenzari.
  7566 | D:8      | Reached skill level 5 in Invocations
  7933 | D:10     | Noticed a two-headed ogre
  7939 | D:10     | Killed a two-headed ogre
  7939 | D:10     | Reached skill level 10 in Armour
  7939 | D:10     | Reached XP level 11. HP: 73/99 MP: 13/13
  8171 | D:10     | Noticed Nergalle
  8185 | D:10     | Killed Nergalle
  8213 | D:10     | Reached *** piety under the Shining One
  8446 | D:11     | Found a glowing golden altar of the Shining One.
  8475 | D:11     | Noticed a two-headed ogre
  8482 | D:11     | Killed a two-headed ogre
  8482 | D:11     | Reached skill level 10 in Fighting
  8482 | D:11     | Reached skill level 5 in Evocations
  8518 | D:11     | Noticed a brown ugly thing
  8558 | D:11     | Noticed an unseen horror
  8582 | D:11     | Noticed a two-headed ogre
  8605 | D:11     | Killed an unseen horror
  8605 | D:11     | Reached skill level 10 in Maces & Flails
  8642 | D:11     | Killed a two-headed ogre
  8642 | D:11     | Reached skill level 10 in Shields
  8738 | D:11     | Noticed a red ugly thing
  8778 | D:12     | Noticed a cyan ugly thing
  8966 | D:11     | Found a staircase to the Lair.
  9180 | D:6      | Bought an uncursed ring of poison resistance for 280 gold pieces
  9835 | D:10     | Killed KlownO's ghost
 10668 | D:11     | Killed a red ugly thing
 10679 | D:11     | Killed a brown ugly thing
 11519 | D:11     | Noticed an unseen horror
 11529 | D:11     | Killed an unseen horror
 11863 | D:11     | Reached XP level 12. HP: 102/110 MP: 15/15
 11877 | D:11     | Noticed a two-headed hydra
 11889 | D:11     | Killed a two-headed hydra
 12152 | Lair:1   | Entered Level 1 of the Lair of Beasts
 12317 | Lair:1   | Found a glowing golden altar of the Shining One.
 13033 | Lair:2   | Found a hole to the Spider Nest.
 14106 | Lair:3   | Reached **** piety under the Shining One
 14377 | Lair:3   | Reached XP level 13. HP: 84/119 MP: 15/17
 15055 | Lair:3   | Found a staircase to the Shoals.
 15135 | Lair:4   | Found a labyrinth entrance.
 15178 | Lab      | Entered a labyrinth
 15500 | Lab      | Noticed a minotaur
 15513 | Lab      | Killed a minotaur
 15516 | Lab      | Got a fine plate armour
 15522 | Lab      | Got an encrusted bardiche
 15522 | Lab      | Got faintly humming steam dragon scales
 15637 | Lair:1   | Identified the +10 plate armour of the Garden {Regen+ MP-9 Stlth+} (You took it off a minotaur in a labyrinth)
 15647 | Lair:1   | Identified the +5 steam dragon scales of Uskayaw's Scorn {+Fly Int+4 Stlth+} (You found it in a labyrinth)
 15821 | Lair:4   | Noticed an entropy weaver
 15828 | Lair:4   | Noticed an entropy weaver
 15833 | Lair:4   | Killed an entropy weaver
 15998 | Lair:4   | Killed an entropy weaver
 17144 | Lair:1   | Found a stormy altar of Qazlal.
 17891 | Lair:5   | Noticed Snorg
 17910 | Lair:5   | Killed Snorg
 18143 | Lair:5   | Reached XP level 14. HP: 111/129 MP: 5/18
 18480 | Lair:5   | Found a staircase to the Slime Pits.
 19100 | Lair:6   | Entered Level 6 of the Lair of Beasts
 19476 | Lair:6   | Reached ***** piety under the Shining One
 21301 | D:12     | Found a roughly hewn altar of Beogh.
 21301 | D:12     | Found a staircase to the Orcish Mines.
 21378 | Orc:1    | Entered Level 1 of the Orcish Mines
 21470 | Orc:2    | Entered Level 2 of the Orcish Mines
 21910 | Orc:2    | Found a staircase to the Elven Halls.
 21933 | Orc:2    | Noticed an orc warlord
 21976 | Orc:2    | Killed an orc warlord
 22104 | Orc:2    | Found a roughly hewn altar of Beogh.
 22563 | Orc:2    | Noticed Nessos
 22589 | Orc:2    | Killed Nessos
 22737 | Orc:2    | Reached XP level 15. HP: 122/139 MP: 9/20
 22760 | Orc:2    | Found Niamm's Antique Armour Shoppe.
 22818 | Orc:2    | Found Gaecsyta's General Store.
 22845 | Orc:2    | Found Huakuem's Antique Weapon Shoppe.
 22960 | Orc:2    | Found Tuys's Jewellery Shoppe.
 22966 | Orc:2    | Bought an uncursed amulet of rage for 680 gold pieces
 23032 | Orc:2    | Noticed Azrael
 23043 | Orc:2    | Killed Azrael
 23232 | Orc:1    | Noticed an orc warlord
 23268 | Orc:1    | Killed an orc warlord
 23663 | Orc:1    | Reached ****** piety under the Shining One
 23663 | Orc:1    | Noticed Maurice
 23667 | Orc:1    | Found a roughly hewn altar of Beogh.
 23677 | Orc:1    | Killed Maurice
 25185 | D:14     | Noticed Sonja
 25191 | D:14     | Killed Sonja
 25191 | D:14     | Reached skill level 10 in Invocations
 25196 | D:14     | Paralysed by a wizard for 4 turns
 25201 | D:14     | Reached skill level 15 in Armour
 25268 | D:14     | Reached skill level 15 in Fighting
 25582 | D:14     | Got a translucent ring mail
 25627 | D:14     | Reached skill level 15 in Maces & Flails
 25649 | D:14     | Noticed Rupert
 25686 | D:14     | Killed Rupert
 25848 | D:14     | Found a gate to the Vaults.
 25948 | Lair:1   | Identified the +1 ring mail of the Harp {MR+ Str+4 Int+7} (You found it on level 14 of the Dungeon)
 25980 | Lair:1   | Identified a scroll of acquirement
 25981 | Lair:1   | Got a twisted hand crossbow
 25982 | Lair:1   | Identified the +7 hand crossbow of Fate {elec, rN+ MR+ Stlth+} (You acquired it on level 1 of the Lair of Beasts)
 26786 | D:15     | Entered Level 15 of the Dungeon
 26799 | D:15     | Reached XP level 16. HP: 131/149 MP: 13/22
 27007 | D:15     | Noticed Roxanne
 27028 | D:15     | Found a stormy altar of Qazlal.
 27386 | D:15     | Found a staircase to the Depths.
 27949 | D:15     | Killed Roxanne
 28290 | Spider:1 | Entered Level 1 of the Spider Nest
 28292 | Spider:1 | Noticed Chisa's ghost (adept MiBe)
 28353 | Shoals:1 | Entered Level 1 of the Shoals
 28627 | Shoals:1 | Found Uxedas's General Store.
 28799 | Shoals:1 | You fall through a shaft!
 30496 | Shoals:3 | Reached skill level 10 in Evocations
 30716 | Shoals:3 | Found Seuv's Antique Weapon Emporium.
 31144 | Shoals:4 | Entered Level 4 of the Shoals
 31150 | Shoals:4 | Noticed Polyphemus
 31486 | Shoals:4 | Reached skill level 1 in Crossbows
 31500 | Shoals:4 | Noticed Ilsuiw
 31725 | Shoals:4 | Reached XP level 17. HP: 154/160 MP: 15/24
 32817 | Shoals:4 | Killed Ilsuiw
 34106 | Shoals:4 | Killed Polyphemus
 34121 | Shoals:4 | Noticed Donald
 34145 | Shoals:4 | Killed Donald
 34656 | Shoals:4 | Got a barnacled rune of Zot
 34858 | Shoals:4 | Reached skill level 5 in Crossbows
 35217 | Vaults:1 | Entered Level 1 of the Vaults
 35326 | Vaults:1 | HP: 1/243 [vault warden/war axe of chopping (38)]
 35326 | Vaults:1 | Mangled by a vault warden

Vault maps used:
D:1:      arrival_zaba_pyramid, lemuel_flame_loot_1
D:2:      kennysheep_the_goblin_king, overflow_temple_1_default, first_bread,
          minmay_tetromino_o2
D:3:      uniq_robin
D:4:      doesnt_xom_only_xom, uniq_grinder
D:5:      minmay_temple_entry_overgrown, portal_sewer_entry_f, serial_shops,
          nicolae_shop_stone, minivault_24
D:6:      lemuel_round_altar, serial_shops, nicolae_shop_trees, shop,
          uniq_blork_the_orc
D:8:      lemuel_ratsnest, nicolae_overflow_hidden_temple, basic_altar,
          uniq_joseph
D:9:      cheibriados_altar_1
D:10:     uniq_nergalle
D:11:     erik_lair_island, hangedman_ranch, tso_metal_star
D:12:     david_orc_5, enter_bailey_3
D:14:     david_vaults_3, uniq_sonja
D:15:     grunt_enter_depths_magical_seal, nicolae_qazlal_general_emergency,
          uniq_roxanne
Temple:   hc_temple_tempest_star
Lair:1:   beast_lair_carwin_large_3, basic_altar, lemuel_oklob_altar
Lair:2:   nicolae_spider_entry_orb_guardian, minivault_23, minivault_11,
          lemuel_old_faithful, infiniplex_staircase_pool_2, lemuel_fruit_tree
Lair:3:   beast_lair_carwin_large_4, elwin_shoals_entry_stream,
          serial_bayou_shore_b
Lair:4:   lab_entry_generic, zaba_anthell, uniq_snorg
Lair:5:   minmay_slime_entry_oklob_enclosed
Lair:6:   gammafunk_lair_ancient_temple, serial_forest, infiniplex_forest_end_2,
          infiniplex_forest_end_double, infiniplex_forest_end_3,
          infiniplex_forest_end_2, infiniplex_forest_pool,
          infiniplex_forest_clump_cross, infiniplex_forest_straight_3,
          infiniplex_forest_zigzag_1
Shoals:1: serial_shops, shop, overgrown_tower
Shoals:2: nicolae_shoals_hunting_party
Shoals:3: serial_shops, nicolae_shop_waterfront
Shoals:4: shoals_end_grunt_ice, shoal_ilsuiw, nicolae_shoals_water_shrine,
          uniq_polyphemus, uniq_donald
Spider:1: spider_trap
Orc:1:    nicolae_orc_accident_2, statue_in_the_mist_lemuel, uniq_maurice
Orc:2:    grunt_orc_cross, uniq_nessos, uniq_azrael
Vaults:1: grunt_vaults_focal, vaults_room_corners, v_alt_pattern_6,
          vaults_room_pool, nicolae_vaults_little_ls, vaults_dpeg_hooks,
          v_alt_pattern_6, vaults_room_corners, vaults_room_semicircle,
          nicolae_vaults_little_squares_2
Lab:      labyrinth_green, lab_fountain, lab_hedge, nicolae_lab_arrow,
          nicolae_lab_diamond, nicolae_lab_hexagon, lab_block,
          nicolae_lab_dead_end, labyrinth_glass_1
Sewer:    sewer_co_15_rooms

Skill      XL: |  1  2  3  4  5  6  7  8  9 10 11 12 13 14 15 16 17 |
---------------+----------------------------------------------------+-----
Armour         | 4 5 6 7 9 10 11 12 13 14 15 16 17 | 17.1
Maces & Flails | 3 4 5 7 8 9 10 12 13 14 15 16 | 16.6
Fighting       | 4 5 6 7 8 9 11 12 13 14 15 16 17 | 17.4
Shields        | 4 5 6 7 8 9 10 11 12 14 | 14.0
Invocations    | 1 3 5 7 9 10 11 12 | 12.0
Evocations     | 1 3 4 6 7 8 10 | 10.9
Crossbows      | 2 5 |  5.2

Action                   |  1- 3 |  4- 6 |  7- 9 | 10-12 | 13-15 | 16-18 || total
-------------------------+-------+-------+-------+-------+-------+-------++-------
Melee: Flail             |    85 |   195 |   422 |   434 |   979 |       ||  2115
       Headbutt          |     7 |    33 |    75 |   165 |   541 |   172 ||   993
       Morningstar       |       |       |       |   327 |   317 |       ||   644
       Dire flail        |       |       |       |       |   488 |       ||   488
       Great mace        |       |       |       |       |    58 |   786 ||   844
 Fire: Hand crossbow     |       |       |       |       |       |    52 ||    52
Invok: Divine Shield     |       |       |       |     1 |     7 |     3 ||    11
       Cleansing Flame   |       |       |       |       |     4 |       ||     4
 Abil: Evoke Berserk Rag |       |       |       |       |     5 |    15 ||    20
Evoke: Wand              |       |       |       |     7 |    14 |     3 ||    24
       Box of beasts     |       |       |       |       |     1 |       ||     1
  Use: Potion            |       |     2 |     1 |    11 |     9 |     5 ||    28
       Scroll            |       |     5 |       |    16 |    21 |    10 ||    52
  Eat: Chunk             |       |     7 |    12 |    22 |    22 |    23 ||    86
       Meat ration       |       |       |       |     1 |     2 |     2 ||     5
       Fruit             |       |       |       |       |    12 |     5 ||    17
       Bread ration      |       |       |       |       |     1 |     1 ||     2
       Royal jelly       |       |       |       |       |     1 |       ||     1
Armor: Scale mail        |    26 |    56 |    86 |   194 |    30 |       ||   392
       Skin              |     4 |     5 |       |   116 |       |     3 ||   128
       Plate armour      |       |       |       |       |   901 |   928 ||  1829
Dodge: Dodged            |    20 |    21 |    47 |   131 |   343 |   407 ||   969
Block: Shield            |    19 |       |       |       |       |       ||    19
       Buckler           |     7 |       |       |       |       |       ||     7
       Large shield      |    15 |   193 |   358 |   815 |  1441 |       ||  2822
       Other             |       |       |       |       |    43 |    24 ||    67

Table legend:
 A = Spawn XP
 B = Non-spawn XP
 C = Spawn XP percentage of total XP
 D = Spawn monster count
 E = Non-spawn monster count
 F = Spawn count percentage of total count
 G = Total turns spent on level
                    A         B        C        D         E        F      G
               +---------+---------+-------+---------+---------+-------+---------
         Total |       0 |  271198 |   0.0 |       0 |    1108 |   0.0 | 35326
               +---------+---------+-------+---------+---------+-------+---------
           D:1 |       0 |      23 |   0.0 |       0 |      13 |   0.0 |   542
           D:2 |       0 |     141 |   0.0 |       0 |      32 |   0.0 |   924
           D:3 |       0 |     324 |   0.0 |       0 |      35 |   0.0 |  1030
           D:4 |       0 |     670 |   0.0 |       0 |      16 |   0.0 |   594
           D:5 |       0 |     716 |   0.0 |       0 |      17 |   0.0 |   857
           D:6 |       0 |     871 |   0.0 |       0 |      18 |   0.0 |  1152
           D:7 |       0 |    1124 |   0.0 |       0 |      37 |   0.0 |   547
           D:8 |       0 |    2516 |   0.0 |       0 |      59 |   0.0 |  1292
           D:9 |       0 |    2492 |   0.0 |       0 |      15 |   0.0 |   837
          D:10 |       0 |    4073 |   0.0 |       0 |      34 |   0.0 |  1647
          D:11 |       0 |    9973 |   0.0 |       0 |      52 |   0.0 |  2297
          D:12 |       0 |    2802 |   0.0 |       0 |      40 |   0.0 |   865
          D:13 |       0 |    5081 |   0.0 |       0 |      18 |   0.0 |   831
          D:14 |       0 |   29383 |   0.0 |       0 |      85 |   0.0 |  1336
          D:15 |       0 |   22085 |   0.0 |       0 |      55 |   0.0 |  1338
        Lair:1 |       0 |    7033 |   0.0 |       0 |      30 |   0.0 |  1781
        Lair:2 |       0 |    4147 |   0.0 |       0 |      14 |   0.0 |   902
        Lair:3 |       0 |   10582 |   0.0 |       0 |      47 |   0.0 |  1766
        Lair:4 |       0 |   14842 |   0.0 |       0 |      71 |   0.0 |  1401
        Lair:5 |       0 |    9885 |   0.0 |       0 |      22 |   0.0 |  1708
        Lair:6 |       0 |   18218 |   0.0 |       0 |      57 |   0.0 |  1349
      Shoals:1 |       0 |    7307 |   0.0 |       0 |      17 |   0.0 |   726
      Shoals:2 |       0 |   15029 |   0.0 |       0 |      26 |   0.0 |  1288
      Shoals:3 |       0 |   19717 |   0.0 |       0 |      40 |   0.0 |  2601
      Shoals:4 |       0 |   49134 |   0.0 |       0 |      73 |   0.0 |  2069
      Spider:1 |       0 |     459 |   0.0 |       0 |       2 |   0.0 |     8
         Orc:1 |       0 |    9233 |   0.0 |       0 |      82 |   0.0 |  1177
         Orc:2 |       0 |   15821 |   0.0 |       0 |      66 |   0.0 |  1452
      Vaults:1 |       0 |    5760 |   0.0 |       0 |      12 |   0.0 |   109
           Lab |       0 |    1393 |   0.0 |       0 |       3 |   0.0 |   352
         Sewer |       0 |     364 |   0.0 |       0 |      20 |   0.0 |   334
               +---------+---------+-------+---------+---------+-------+---------
